 Dungeon Crawl Stone Soup version 0.24-a0-524-gf43b32f898 (webtiles) character file.

Game seed: 12983703112293714490

18288 Peloso the Carver (level 12, -5/106 HPs)
             Began as a Minotaur Fighter on July 31, 2019.
             Was a High Priest of Okawaru.
             Killed by divine providence
             ... invoked by a meliai
              (15 damage)
             ... on level 13 of the Dungeon.
             The game lasted 00:33:23 (11847 turns).

Peloso the Carver (Minotaur Fighter)               Turns: 11847, Time: 00:33:23

Health: -5/106     AC: 16    Str: 24    XL:     12   Next: 26%
Magic:  10/12      EV: 13    Int:  5    God:    Okawaru [*****.]
Gold:   1128       SH: 16    Dex: 12    Spells: 11/11 levels left

rFire    x . .     SeeInvis .   a - +4 scimitar (flame)
rCold    + + +     Gourm    +   c - +1 shield {rC+}
rNeg     . . .     Faith    .   B - +2 chain mail {MR+}
rPois    .         Spirit   .   R - +0 hat "Zutzamp" {*Corrode rElec rF- rC+++}
rElec    +         Reflect  .   j - scarf {cloud immunity}
rCorr    .         Harm     .   (no gloves)
MR       +....                  (no boots)
Stlth    ..........             O - amulet of the gourmand
HPRegen  0.27/turn              (no ring)
MPRegen  0.13/turn              (no ring)

@: lethally poisoned (-5 -> -10), heroism
A: retaliatory headbutt, horns 2
a: Heroism, Finesse, Renounce Religion


You were on level 13 of the Dungeon.
You worshipped Okawaru.
Okawaru was extremely pleased with you.
You were not hungry.

You visited 1 branch of the dungeon, and saw 12 of its levels.
You visited the Abyss 1 time.
You also visited: Bailey.

You collected 1254 gold pieces.
You spent 126 gold pieces at shops.

Inventory:

Hand Weapons
 a - a +4 scimitar of flaming (weapon)
 b - a +1 falchion of freezing
 d - the +10 shortbow "Coeryti" {venom, +Inv rF+}
   (You took it off an orc warrior in a bailey)

   It poisons the ammo it fires.
   It protects you from fire.
   It lets you turn invisible.
Armour
 c - a +1 shield of cold resistance (worn)
 j - a scarf of cloud immunity (worn)
 B - a +2 chain mail of magic resistance (worn)
 C - a +0 cloak
 R - the +0 hat "Zutzamp" (worn) {*Corrode rElec rF- rC+++}
   (You found it on level 10 of the Dungeon)

   It makes you vulnerable to fire.
   It renders you almost immune to cold.
   It insulates you from electricity.
   It may corrode you when you take damage.
Jewellery
 i - an uncursed amulet of magic regeneration
 q - an uncursed amulet of guardian spirit
 u - an uncursed ring of magical power
 y - an uncursed ring of ice
 O - an amulet of the gourmand (around neck)
Wands
 r - a wand of enslavement (21)
 s - a wand of random effects (18)
 D - a wand of disintegration (36)
 E - a wand of acid (12)
 F - a wand of iceblast (5)
 G - a wand of flame (14)
 H - a wand of paralysis (10)
 M - a wand of digging (7)
Scrolls
 g - 5 scrolls of enchant weapon
 h - 3 scrolls of enchant armour
 m - a scroll of random uselessness {unknown}
 n - 6 scrolls of fear
 o - 2 scrolls of remove curse
 p - 2 scrolls of magic mapping
 t - 7 scrolls of teleportation {unknown}
 v - 3 scrolls of immolation {unknown}
 w - 4 scrolls of fog {unknown}
 N - a scroll of noise {unknown}
 P - a scroll of brand weapon {unknown}
Potions
 e - 5 potions of haste
 k - a potion of might
 l - 4 potions of agility
 x - 4 potions of mutation
 z - 5 potions of curing
 A - a potion of flight
 J - 3 potions of heal wounds
Miscellaneous
 K - a box of beasts
 L - a phantom mirror
Comestibles
 f - 27 rations
 I - 7 chunks of flesh


   Skills:
 + Level 10.2(15.2) Fighting
 + Level 13.4(18.4) Long Blades
 + Level 11.6(16.6) Armour
 + Level 4.4(9.4) Dodging
 + Level 1.6(6.6) Stealth
 + Level 12.3(17.3) Shields
 + Level 1.7 Invocations
 + Level 1.4 Evocations


You had 11 spell levels left.
You didn't know any spells.
Your spell library contained the following spells:

 Spells                   Type           Power        Failure   Level  Hunger
 Animate Skeleton         Necr           N/A          90%         1    ##.....
 Apportation              Tloc           #.....       90%         1    ##.....
 Confusing Touch          Hex            #.....       90%         1    ##.....
 Flame Tongue             Conj/Fire      #....        90%         1    ##.....
 Sandblast                Erth           #.....       90%         1    ##.....
 Sting                    Conj/Pois      #...         90%         1    ##.....
 Summon Small Mammal      Summ           #...         90%         1    ##.....
 Passwall                 Tmut/Erth      #.......     97%         2    ###....
 Poisonous Vapours        Pois/Air       #.....       97%         2    ###....
 Ignite Poison            Fire/Tmut/Pois #.......     99%         3    ####...
 Mephitic Cloud           Conj/Pois/Air  #.......     99%         3    ####...
 Stone Arrow              Conj/Erth      #.....       99%         3    ####...
 Cause Fear               Hex            #.........   100%        4    #####..
 Olgreb's Toxic Radiance  Pois           #.......     100%        4    #####..
 Petrify                  Tmut/Erth      #.......     100%        4    #####..
 Fireball                 Conj/Fire      #.........   100%        5    ######.
 Lee's Rapid Deconstruct  Erth           #.........   100%        5    ######.
 Venom Bolt               Conj/Pois      #.........   100%        5    ######.
 Bolt of Fire             Conj/Fire      #.........   100%        6    #######
 Dragon Form              Tmut           #.........   100%        7    #######
 Ring of Flames           Chrm/Fire      #.........   100%        7    #######
 Ignition                 Fire           #.........   100%        8    #######
 Dragon's Call            Summ           #.........   100%        9    #######


Dungeon Overview and Level Annotations

Branches:
Dungeon (11/15)            Temple (0/1) D:7            Lair (0/6) D:8
    Orc: D:9-12

Altars:
Ashenzari
Cheibriados
Dithmenos
Elyvilon
Kikubaaqudgha
Makhleb
Nemelex Xobeh
Okawaru
Ru
Sif Muna
Trog
Uskayaw
Vehumet
Xom

Shops:
D:5 (   D:7 *:(


Innate Abilities, Weirdness & Mutations

You reflexively headbutt those who attack you in melee.
You have a pair of horns on your head.


Message History

The wizard points at you and mumbles some strange words.
You block the crystal spear.
You hear an angry hiss.
Things that are here:
a +0 war axe; a +0 leather armour You closely miss the wizard.
Your headbutt misses the wizard.
The wizard points at you and mumbles some strange words.
The crystal spear misses you.
You barely miss the wizard.
You feel sick.
The meliai invokes the aid of its god against you.
Something smites you!
* * * LOW HITPOINT WARNING * * *
The wizard hits you with a +0 dagger.
* * * LOW HITPOINT WARNING * * *
A freezing wraith comes into view.
Unknown command.
You miss the wizard.
You feel sick.
The meliai mumbles some strange prayers to its god against you.
Something smites you!
You die...

#########
#.#.#...#
#.....#.#
#.....#รท#
#W #.#.#...#
#..######..#
#yyp@...###
#.#e#####..#
#. ### #


You could see a deep elf archer, a freezing wraith, a wizard and 2 meliai.

Vanquished Creatures
  A centaur warrior (D:11)
  Erica (D:8)
  2 two-headed ogres (D:11)
  The ghost of Linguinho the Basher, a journeyman GrBe of Trog (D:10)
  A deep troll earth mage (D:13)
  A tengu warrior (D:10)
  2 unseen horrors
  An orc knight (Bailey)
  An ugly thing (D:13)
  A moth of wrath (D:10)
  2 gargoyles
  A freezing wraith (D:11)
  A troll (D:11)
  A meliai (D:13)
  A hornet (D:9)
  3 slime creatures (D:11)
  4 hippogriffs
  A shadow (D:6)
  A redback (D:10)
  A wyvern (D:10)
  2 hogs (D:7)
  A human (D:7)
  4 yaks
  4 hungry ghosts
  A vampire mosquito (D:10)
  An acid dragon (D:11)
  13 orc warriors
  2 ice beasts
  A black bear (D:7)
  4 sky beasts
  4 phantoms
  6 ogres
  4 centaurs
  2 crocodiles
  10 bullfrogs
  3 gnoll sergeants
  3 scorpions
  12 killer bees
  2 howler monkeys
  A bullfrog zombie (D:9)
  4 crimson imps
  A centaur zombie (D:9)
  A quasit (D:5)
  2 centaur skeletons
  6 hounds
  4 jellies
  16 orc wizards
  9 orc priests
  3 iguanas
  Terence (D:3)
  9 worker ants
  3 worker ant zombies
  12 gnolls
  7 adders
  3 shadow imps
  An ooze (D:3)
  An adder skeleton (D:10)
  3 worms
  12 leopard geckos
  59 orcs
  7 giant cockroaches
  8 goblins
  6 hobgoblins
  3 jackals
  6 quokkas
  3 ball pythons
  10 bats
  9 frilled lizards
  19 kobolds
  A leopard gecko skeleton (D:8)
  A quokka skeleton (D:6)
  A quokka zombie (D:6)
  5 rats
  A plant (D:4)
345 creatures vanquished.

Vanquished Creatures (others)
  An iguana (D:11)
  2 kobolds (Bailey)
3 creatures vanquished.

Grand Total: 348 creatures vanquished

Notes
Turn   | Place    | Note
-------+----------+-------------------------------------------
     0 | D:1      | Peloso the Minotaur Fighter began the quest for the Orb.
     0 | D:1      | Reached XP level 1. HP: 19/19 MP: 0/0
   270 | D:1      | Reached XP level 2. HP: 18/27 MP: 1/1
   892 | D:2      | Reached skill level 3 in Long Blades
   979 | D:2      | Reached XP level 3. HP: 33/33 MP: 2/2
   981 | D:2      | Found a sacrificial altar of Ru.
  1111 | D:2      | Found a hide-covered altar of Uskayaw.
  1346 | D:2      | Reached XP level 4. HP: 35/40 MP: 3/3
  1638 | D:3      | Noticed Terence
  1645 | D:3      | Killed Terence
  1889 | D:3      | Reached skill level 4 in Long Blades
  1943 | D:3      | Found an iron altar of Okawaru.
  1958 | D:3      | Became a worshipper of Warmaster Okawaru
  2075 | D:3      | Found a shimmering altar of Xom.
  2075 | D:3      | Found a burning altar of Makhleb.
  2089 | D:3      | Reached XP level 5. HP: 46/47 MP: 4/4
  2115 | D:3      | Found a shattered altar of Ashenzari.
  2247 | D:3      | Found a white marble altar of Elyvilon.
  2456 | D:4      | Reached skill level 1 in Stealth
  2504 | D:4      | Reached skill level 1 in Dodging
  2543 | D:4      | Found a snail-covered altar of Cheibriados.
  2578 | D:4      | Reached skill level 5 in Long Blades
  2578 | D:4      | Reached XP level 6. HP: 28/53 MP: 5/5
  2584 | D:4      | Reached * piety under Okawaru
  2584 | D:4      | Reached skill level 5 in Shields
  3079 | D:5      | Entered Level 5 of the Dungeon
  3131 | D:5      | Reached skill level 5 in Armour
  3140 | D:5      | Found Ucoum's Antique Weapon Emporium.
  3460 | D:5      | Noticed an ice beast
  3470 | D:5      | Killed an ice beast
  3470 | D:5      | Reached XP level 7. HP: 42/60 MP: 6/6
  3595 | D:5      | Reached skill level 6 in Long Blades
  3691 | D:5      | Reached ** piety under Okawaru
  3781 | D:5      | Reached skill level 5 in Fighting
  4101 | D:6      | Reached skill level 7 in Long Blades
  4101 | D:6      | Reached XP level 8. HP: 63/68 MP: 7/7
  4288 | D:5      | Reached *** piety under Okawaru
  4515 | D:6      | Found a large runed translucent door.
  4515 | D:6      | Found a large runed translucent door.
  4518 | D:6      | Found a large runed translucent door.
  4518 | D:6      | Found a large runed translucent door.
  4635 | D:6      | Reached skill level 8 in Long Blades
  4709 | D:6      | Found a deep blue altar of Sif Muna.
  5050 | D:6      | Reached XP level 9. HP: 48/75 MP: 8/8
  5115 | D:7      | Found a flagged portal.
  5124 | Bailey   | Entered a bailey
  5152 | Bailey   | Noticed an orc knight
  5158 | Bailey   | Reached **** piety under Okawaru
  5169 | Bailey   | Killed an orc knight
  5169 | Bailey   | Reached skill level 9 in Long Blades
  5384 | Bailey   | Identified the +10 shortbow "Coeryti" {venom, +Inv rF+}
  6020 | D:7      | Found a staircase to the Ecumenical Temple.
  6144 | D:7      | Found Ciannozo's Book Shoppe.
  6160 | D:7      | Found Huypasud's Antique Weapon Shop.
  6279 | D:7      | Reached ***** piety under Okawaru
  6291 | D:7      | Reached skill level 1 in Evocations
  6291 | D:7      | Reached XP level 10. HP: 66/86 MP: 10/10
  6301 | D:7      | Reached skill level 10 in Long Blades
  6393 | D:7      | Received a gift from Okawaru
  6499 | D:7      | Found Zudeen's Assorted Antiques.
  6505 | D:7      | Bought a potion of might for 84 gold pieces
  6505 | D:7      | Bought a scroll of identify for 42 gold pieces
  6528 | D:7      | Got a polished quarterstaff
  6535 | D:7      | Identified the +4 quarterstaff of the Hall of Blades
                  | {protect, rPois} (You found it on level 7 of the Dungeon)
  6538 | D:7      | Cast into level 2 of the Abyss (a distortion unwield)
  6590 | Abyss:2  | Noticed a rust devil
  6594 | Abyss:2  | Noticed a starcursed mass
  6597 | D:7      | Escaped the Abyss
  6740 | D:8      | Found a staircase to the Lair.
  6825 | D:8      | Noticed Erica
  6846 | D:8      | Killed Erica
  6846 | D:8      | Reached skill level 10 in Shields
  7264 | D:8      | Found a bloodstained altar of Trog.
  7282 | D:8      | Reached skill level 11 in Long Blades
  7293 | D:8      | Found a radiant altar of Vehumet.
  7357 | D:8      | Found a shadowy altar of Dithmenos.
  7358 | D:8      | Found an ancient bone altar of Kikubaaqudgha.
  7520 | D:8      | Found a sparkling altar of Nemelex Xobeh.
  7634 | D:8      | Reached skill level 1 in Invocations
  8013 | D:9      | Found a deep blue altar of Sif Muna.
  8526 | D:6      | Reached XP level 11. HP: 95/95 MP: 11/11
  8642 | D:10     | Entered Level 10 of the Dungeon
  8750 | D:10     | Reached skill level 10 in Armour
  8822 | D:10     | Reached skill level 12 in Long Blades
  9115 | D:10     | Found a transporter.
  9130 | D:10     | Found a transporter.
  9317 | D:10     | Killed an unseen horror
  9350 | D:10     | Noticed a tengu warrior
  9363 | D:10     | Killed a tengu warrior
  9748 | D:10     | Got a dazzling leather armour
  9759 | D:10     | Identified the +2 leather armour of Ru's Condemnation {rF+
                  | Dex+7} (You found it on level 10 of the Dungeon)
  9801 | D:10     | Noticed Linguinho's ghost (journeyman GrBe)
  9895 | D:10     | Killed Linguinho's ghost
  9942 | D:10     | Got a twisted hat
  9948 | D:10     | Identified the +0 hat "Zutzamp" {*Corrode rElec rF- rC+++}
                  | (You found it on level 10 of the Dungeon)
 10296 | D:11     | Noticed a two-headed ogre
 10300 | D:11     | Killed a two-headed ogre
 10300 | D:11     | Received a gift from Okawaru
 10309 | D:11     | Reached ****** piety under Okawaru
 10343 | D:11     | Killed an unseen horror
 10347 | D:11     | Reached skill level 13 in Long Blades
 11140 | D:11     | Noticed a centaur warrior
 11143 | D:11     | Reached XP level 12. HP: 77/106 MP: 12/12
 11153 | D:11     | Killed a centaur warrior
 11333 | D:11     | Reached skill level 10 in Fighting
 11653 | D:11     | Noticed a two-headed ogre
 11657 | D:11     | Killed a two-headed ogre
 11697 | D:11     | You fall into a shaft and drop 2 floors!
 11698 | D:13     | Noticed a deep troll earth mage
 11715 | D:13     | Killed a deep troll earth mage
 11847 | D:13     | Killed from afar by a meliai

Levels and vault maps discovered:
D:1:      dpeg_arrival_erosion, layout_loops_corners
D:2:      layout_basic, old_standard_altar, eat_drink_and_be_merry_uskayaw,
          first_ration
D:3:      layout_rooms, grunt_temple_overflow_champion_of_chaos,
          marbit_many_paths, lemuel_coloured_pillars_altar, serial_park_tiny_1,
          okawaru_ov_weapons_minmay, uniq_terence
D:4:      layout_cave_pools, cheibriados_altar_1, serial_forest,
          infiniplex_forest_clump_tiny, infiniplex_forest_corner_1,
          infiniplex_forest_clump_C, infiniplex_forest_straight_3,
          infiniplex_forest_lined_ring, infiniplex_forest_clump_small,
          infiniplex_forest_end_3, infiniplex_forest_end_1,
          infiniplex_forest_end_3, infiniplex_forest_straight_2
D:5:      wad_crossroads, layout_cave_pods, serial_shops,
          nicolae_shop_window_shopping, minmay_misc_feat_x
D:6:      layout_basic, basic_altar, minmay_hollow_rounded_squares
D:7:      layout_basic, temple_pool_b, serial_shops, shop,
          nicolae_shop_statue_plus, shop, enter_bailey_2, grunt_livestock
D:8:      layout_loops_corners, lemuel_crystal_altar,
          gammafunk_temple_overflow_claw, lair_entry_dummy, basic_altar,
          minmay_fountain_box, hex_medium, uniq_erica
D:9:      layout_roguey, kennysheep_mini, grunt_tough_drop
D:10:     layout_loops_ring, gammafunk_ghost_berserking_beasts, kb_rosetta
D:11:     layout_small_grid
D:13:     minmay_tearing_corner, layout_basic, erik_vaults_2, basic_altar,
          nrook_guardian_serpent_ordinary

Skill      XL: |  1  2  3  4  5  6  7  8  9 10 11 12 |
---------------+-------------------------------------+-----
Armour         | 4 5 6 7 8 9 11 | 11.6
Fighting       | 4 5 6 7 8 9 10 | 10.2
Long Blades    | 3 4 5 7 8 9 11 13 | 13.4
Shields        | 4 5 6 7 9 10 11 12 | 12.3
Stealth        | 1 |  1.6
Dodging        | 1 2 3 4 |  4.4
Evocations     | 1 |  1.4
Invocations    | 1 |  1.7

Action                   |  1- 3 |  4- 6 |  7- 9 | 10-12 || total
-------------------------+-------+-------+-------+-------++-------
Melee: Long sword        |   115 |    47 |       |       ||   162
       Headbutt          |     8 |    36 |    72 |   107 ||   223
       Falchion          |       |   120 |   361 |    78 ||   559
       Scimitar          |       |       |       |   478 ||   478
       Punch             |       |       |       |     2 ||     2
Invok: Heroism           |       |       |     2 |    11 ||    13
Evoke: Wand              |       |       |     6 |       ||     6
  Use: Scroll            |       |       |     9 |     4 ||    13
       Potion            |       |       |     6 |       ||     6
  Eat: Chunk             |     1 |     7 |    10 |    14 ||    32
       Ration            |       |       |       |     2 ||     2
Armor: Chain mail        |    82 |    74 |   208 |   161 ||   525
       Scale mail        |     4 |       |       |       ||     4
Dodge: Dodged            |    28 |    35 |   141 |   129 ||   333
Block: Shield            |    76 |    91 |   257 |   308 ||   732
       Rpst.: Long sword |     7 |     3 |       |       ||    10
       Falchion          |       |     7 |    17 |    10 ||    34
       Scimitar          |       |       |       |    17 ||    17

Table legend:
 A = Non-vault XP
 B = Vault XP
 C = Vault XP percentage of total XP
 D = Non-vault monster count
 E = Vault monster count
 F = Vault count percentage of total count
                 A         B        C        D         E       F
            +---------+---------+-------+---------+---------+-------
      Total |   15412 |   10715 |  41.0 |     275 |      69 |  20.1
            +---------+---------+-------+---------+---------+-------
        D:1 |      36 |       0 |   0.0 |      21 |       0 |   0.0
        D:2 |      81 |       0 |   0.0 |      24 |       0 |   0.0
        D:3 |      37 |      85 |  69.7 |      15 |       3 |  16.7
        D:4 |     216 |       0 |   0.0 |      11 |       0 |   0.0
        D:5 |     497 |     502 |  50.3 |      15 |       4 |  21.1
        D:6 |     770 |     900 |  53.9 |      30 |      12 |  28.6
        D:7 |    1196 |     984 |  45.1 |      21 |       5 |  19.2
        D:8 |    1520 |     907 |  37.4 |      33 |       1 |   2.9
        D:9 |    1948 |      93 |   4.6 |      36 |       1 |   2.7
       D:10 |    1434 |    4650 |  76.4 |      19 |      11 |  36.7
       D:11 |    7296 |       0 |   0.0 |      48 |       0 |   0.0
       D:13 |     381 |    1384 |  78.4 |       2 |       2 |  50.0
     Bailey |       0 |    1210 | 100.0 |       0 |      30 | 100.0
            +---------+---------+-------+---------+---------+-------
